cohdb
Replays
Latest Replays
All Replays
Popular Replays
Top Player Replays
Match Explorer
How It Works
Community
CoH3 Stats
Reddit
Sign in to upload your games and track your stats! →
Sign in with Steam
Match 43958373
Unlisted
Match 43958373
Overview
Messages
Build Orders
End
Kradschützen Motorcycle Team
Panzergrenadier Squad
Panzergrenadier Squad
Panzergrenadier Squad
Selects Panzerjäger Kommand Battlegroup
Selects Mine Fields
Construct Light Support Kompanie
MG34 Team
Assault Mechanized Group
Construct Mechanized Kompanie
8 Rad Armored Car
ßoo
MumJizzer
0
0
Comments
sign in to comment!
No comments posted yet!